 Dungeon Crawl Stone Soup version 0.13-a0-3104-gb5885e9 (webtiles) character file.

647 PolkaDot the Ruinous (level 6, -3/39 HPs)
             Began as a Vampire Wizard on Sept 19, 2013.
             Slain by a worker ant (5 damage)
             ... on Level 4 of the Dungeon.
             The game lasted 00:13:25 (3038 turns).

PolkaDot the Ruinous (Vampire Wizard)               Turns: 3038, Time: 00:13:25

HP  -3/39        AC  3     Str 11      XL: 6   Next: 65%
MP   5/15        EV 12     Int 22      God:
Gold 220         SH  0     Dex 12      Spells:  3 memorised,  4 levels left

Res.Fire  : . . .   See Invis. : +   d - +2 dwarf dagger (venom)
Res.Cold  : . . .   Warding    : .   a - +0 robe
Life Prot.: . . .   Conserve   : .   (no shield)
Res.Poison: .       Res.Corr.  : +   b - +0 wizard hat
Res.Elec. : .       Clarity    : .   (no cloak)
Sust.Abil.: . .     Spirit.Shd : .   (no gloves)
Res.Mut.  : .       Stasis     : .   v - +0 pair of boots
Res.Rott. : .       Flight     : .   p - amulet of resist corrosion {unknown}
Saprovore : . . .                    (no ring)
                                     (no ring)

@: regenerating very quickly, mighty, very slightly contaminated, slightly
resistant to hostile enchantments, stealthy
A: bottle blood, fangs 3, see invisible, unbreathing
a: Bottle Blood


You were on level 4 of the Dungeon.
You were almost alive.

You visited 1 branch of the dungeon, and saw 4 of its levels.

You collected 200 gold pieces.

Inventory:

Hand weapons
 d - a +2,+2 dwarven dagger of venom (weapon)
Armour
 a - a +0 robe (worn)
 b - a +0 wizard hat (worn)
 v - a +0 pair of boots (worn)
Magical devices
 u - a wand of frost (7) {unknown}
Scrolls
 e - 3 scrolls of remove curse {unknown}
 g - 3 scrolls of noise {unknown}
 h - a scroll of blinking {unknown}
 i - 2 scrolls of identify {unknown}
 k - a scroll of curse jewellery {unknown}
 l - a scroll of curse armour {unknown}
 m - 5 scrolls of teleportation {unknown}
 q - a scroll of enchant armour {unknown}
 r - a scroll of curse weapon {unknown}
 s - a scroll of enchant weapon I {unknown}
 t - a scroll of recharging {unknown}
Jewellery
 p - an amulet of resist corrosion (around neck) {unknown}
Potions
 f - a potion of restore abilities
 n - a potion of poison
 o - a potion of might
Books
 c - a book of Minor Magic

   Spells                             Type                      Level
   *Magic Dart                        Conjuration                  1
   Blink                              Translocation                2
   Call Imp                           Summoning                    2
   Repel Missiles                     Charms/Air                   2
   Slow                               Hexes                        2
   *Conjure Flame                     Conjuration/Fire             3
   *Mephitic Cloud                    Conjuration/Poison/Air       3


   Skills:
 - Level 2.1 Dodging
 - Level 3.0 Stealth
 - Level 3.0 Spellcasting
 * Level 5.2 Conjurations
   Level 1.0 Summonings
   Level 0.7 Translocations


You had 4 spell levels left.
You knew the following spells:

 Your Spells              Type           Power        Failure   Level  Hunger
a - Magic Dart            Conj           ####         1%          1    None
d - Mephitic Cloud        Conj/Pois/Air  ##......     17%         3    ###....
s - Conjure Flame         Conj/Fire      ##......     14%         3    ###....


Dungeon Overview and Level Annotations

Branches:
Dungeon (4/27)
 Temple: D:4-7

Altars:
Ashenzari
Elyvilon
Okawaru
the Shining One

Shops:
D:4 ?


Innate Abilities, Weirdness & Mutations

Your natural rate of healing is extremely fast.
You can bottle blood from corpses.
You have razor-sharp teeth.*
You have supernaturally acute eyesight.
You can survive without breathing.*


Message History

The worker ant closely misses you.
The orc wizard hits you with an orcish dagger.
You hit the worker ant. Your bite misses the worker ant.
The worker ant is severely wounded.
The orc wizard hits you with an orcish dagger.
The worker ant bites you.
Drink which item? (? for menu, Esc to quit)
You feel better.
The orc wizard seems less confused.
The orc wizard looks more healthy.
The orc wizard points at you and mumbles some strange words.
The magic dart hits you! The worker ant bites you.
* * * LOW HITPOINT WARNING * * *
The orc hits you with an orcish whip.
* * * LOW HITPOINT WARNING * * *
The orc barely misses you.
An orc wizard comes into view. It is wielding a weird jewelled staff.
The orc wizard hits you with an orcish dagger.
* * * LOW HITPOINT WARNING * * *
The worker ant bites you.
You die...

....K..........
...............
.................
........%%........
..o.........o......
.....$o.o..........
.......o.........?.
........oao.........
.........@<<..??....
#############.∩.####
.?.# ####


You could see a worker ant, 4 orc wizards, 3 orcs and a kobold (confused).

Vanquished Creatures
  An ogre (D:4)
  A phantom (D:3)
  Sigmund (D:2)
  A big fish (D:3)
  Jessica (D:2)
  4 adders
  An inept feature mimic (D:3)
  A worm (D:2)
  An iguana skeleton (D:4)
  7 giant geckos
  5 orcs
  7 giant cockroaches
  6 goblins
  9 hobgoblins
  6 kobolds
  2 oozes (D:2)
  10 bats
  5 giant newts
  14 rats
83 creatures vanquished.

Notes
Turn   | Place    | Note
--------------------------------------------------------------
     0 | D:1      | PolkaDot, the Vampire Wizard, began the quest for the Orb.
     0 | D:1      | Reached XP level 1. HP: 11/11 MP: 6/6
    63 | D:1      | Reached skill level 1 in Conjurations
   153 | D:1      | Reached XP level 2. HP: 17/17 MP: 0/8
   981 | D:1      | Reached XP level 3. HP: 22/22 MP: 7/10
  1061 | D:2      | Learned a level 3 spell: Conjure Flame
  1065 | D:2      | Learned a level 3 spell: Mephitic Cloud
  1179 | D:2      | Noticed Sigmund
  1210 | D:2      | Killed Sigmund
  1210 | D:2      | Reached XP level 4. HP: 28/28 MP: 6/12
  1275 | D:2      | Noticed Jessica
  1279 | D:2      | Killed Jessica
  1343 | D:2      | Found a glowing golden altar of the Shining One.
  1485 | D:2      | Reached XP level 5. HP: 33/33 MP: 10/13
  1731 | D:2      | Found a shattered altar of Ashenzari.
  2034 | D:3      | Noticed a phantom
  2089 | D:3      | Killed a phantom
  2089 | D:3      | Reached skill level 4 in Conjurations
  2465 | D:3      | Found a white marble altar of Elyvilon.
  2552 | D:3      | Reached XP level 6. HP: 39/39 MP: 15/15
  2575 | D:3      | Found an iron altar of Okawaru.
  2851 | D:4      | Found Twiug's Magic Scroll Shoppe.
  3033 | D:4      | Reached skill level 5 in Conjurations
  3038 | D:4      | Slain by a worker ant

Action                   |  1- 3 |  4- 6 || total
-------------------------+-------+-------++-------
Melee: Short sword       |    21 |     2 ||    23
       Dagger            |       |    66 ||    66
       Mace              |       |    29 ||    29
 Cast: Magic Dart        |    78 |    62 ||   140
       Mephitic Cloud    |     2 |     5 ||     7
       Conjure Flame     |       |     2 ||     2
 Abil: Bottle Blood      |       |     1 ||     1
  Use: Potion            |       |     9 ||     9
 Stab: Confused          |     2 |     3 ||     5
       Sleeping          |       |     2 ||     2
       Distracted        |       |     1 ||     1
